Map: Deathaura LE

Players

Couguar

  • Race: Protoss Protoss
  • League: Grandmaster
  • Spawn Location: 5:00

SKillous - Winner!

  • Race: Protoss Protoss
  • League: Grandmaster
  • Spawn Location: 11:00

Event: DreamHack SC2 Masters 2020 Fall

VOD

Have the link to the VOD?

Description

Time

  • Played on: Sept. 3, 2020, 12:57 p.m.
  • Length: 18:03

All games in this series

Show
View Real Time Build Order
Export as new Build Order

Couguar Protoss 

Build Orders: Blink Stalkers 

Get SALT Encoding   

  12  0:00  Probe  
  13  0:12  Probe  
  14  0:17  Pylon  
  14  0:24  Probe (Chrono Boost)  
  15  0:36  Probe (Chrono Boost)  
  15  0:38  Gateway  
  16  0:45  Probe (Chrono Boost)  
  16  0:46  Assimilator  
  17  0:51  Probe  
  17  0:55  Assimilator  
  18  1:03  Probe (Chrono Boost)  
  19  1:08  Gateway  
  19  1:15  Probe (Chrono Boost)  
  20  1:23  Probe (Chrono Boost)  
  21  1:25  Cybernetics Core  
  21  1:30  Probe  
  22  1:35  Pylon  
  22  1:43  Probe  
  23  1:55  Probe  
  24  2:02  Stalker  
  24  2:03  Warp Gate, Stalker  
  24  2:07  Probe  
  29  2:13  Pylon  
  29  2:19  Probe  
  30  2:27  Shield Battery  
  30  2:35  Sentry  
  33  2:37  Sentry  
  33  2:39  Probe  
  34  2:51  Nexus  
  34  2:54  Probe  
  35  3:00  Shield Battery  
  35  3:06  Sentry, Probe  
  38  3:13  Pylon  
  38  3:18  Probe  
  39  3:24  Twilight Council  
  39  3:31  Probe (Chrono Boost)  
  40  3:41  Probe (Chrono Boost)  
  41  3:43  Forge  
  41  3:46  Probe (Chrono Boost)  
  42  3:51  Stalker  
  42  3:54  Stalker  
  46  3:57  Probe  
  46  3:58  Blink (Chrono Boost)  
  47  4:08  Probe  
  48  4:12  Probe  
  49  4:20  Probe  
  50  4:24  Probe  
  50  4:28  Robotics Facility  
  51  4:32  Shield Battery, Probe  
  51  4:37  Stalker  
  54  4:45  Probe  
  54  4:46  Protoss Ground Weapons Level 1  
  54  4:47  Probe  
  54  4:52  Gateway  
  56  4:58  Probe  
  56  5:00  Pylon  
  56  5:01  Probe (Chrono Boost)  
  54  5:13  Assimilator, Probe (Chrono Boost)  
  56  5:14  Pylon  
  56  5:15  Observer, Probe (Chrono Boost)  
  56  5:20  Probe (Chrono Boost)  
  58  5:23  Probe (Chrono Boost)  
  59  5:28  Nexus  
  59  5:31  Pylon  
  59  5:32  Probe  
  60  5:39  Immortal (Chrono Boost)  
  64  5:44  Probe x2  
  66  5:52  Gateway  
  66  5:55  Gateway  
  66  5:58  Probe x2  
  66  6:01  Charge  
  68  6:08  Shield Battery  
  68  6:10  Shield Battery, Probe  
  69  6:15  Gateway  
  69  6:18  Immortal (Chrono Boost)  
  69  6:23  Probe  
  74  6:28  Photon Cannon  
  74  6:32  Stalker  
  76  6:33  Sentry  
  76  6:37  Probe  
  76  6:38  Probe  
  80  6:41  Stalker  
  80  6:42  Probe  
  83  6:47  Stalker  
  83  6:50  Gateway  
  85  6:56  Observer  
  85  6:59  Immortal (Chrono Boost)  
  89  7:06  Probe, Stalker  
  89  7:07  Probe x2  
  94  7:15  Stalker x2  
  98  7:17  Protoss Ground Weapons Level 2 (Chrono Boost)  
  98  7:25  Probe (Chrono Boost)  
  100  7:32  Pylon, Probe (Chrono Boost)  
  100  7:33  Pylon  
  100  7:36  Pylon  
  100  7:40  Assimilator  
  100  7:45  Pylon  
  100  7:46  Assimilator  
  100  7:49  Dark Shrine  
  100  7:50  Warp Prism  
  102  7:52  Probe  
  102  7:53  Robotics Bay, Probe  
  102  7:57  Photon Cannon  
  104  8:04  Probe  
  104  8:05  Photon Cannon  
  105  8:07  Probe x2  
  105  8:12  Stalker x2  
  111  8:16  Probe  
  112  8:28  Nexus  
  112  8:29  Pylon  
  112  8:30  Pylon  
  112  8:31  Probe  
  113  8:34  Robotics Facility  
  113  8:39  Photon Cannon  
  113  8:41  Shield Battery  
  112  8:44  Observer  
  96  8:57  Stalker x7  
  96  9:02  Disruptor (Chrono Boost)  
  103  9:04  Probe  
  103  9:06  Probe  
  103  9:07  Probe  
  106  9:10  Assimilator, Photon Cannon  
  106  9:21  Zealot x3  
  106  9:22  Zealot x4  
  120  9:29  Disruptor (Chrono Boost)  
  111  9:34  Probe x2  
  111  9:39  Nexus  
  111  9:41  Protoss Ground Weapons Level 3  
  111  9:44  Probe  
  112  9:47  Pylon  
  112  9:52  Pylon, Photon Cannon  
  112  9:56  Disruptor (Chrono Boost)  
  112  9:59  Probe (Chrono Boost)  
  117  10:04  Probe (Chrono Boost)  
  117  10:06  Disruptor (Chrono Boost), Probe (Chrono Boost)  
  118  10:09  Probe (Chrono Boost)  
  118  10:13  Probe (Chrono Boost)  
  121  10:22  Zealot x5  
  121  10:23  Zealot  
  121  10:24  Shadow Stride (Chrono Boost)  
  121  10:28  Probe  
  134  10:29  Observer  
  134  10:31  Gravitic Boosters  
  135  10:36  Dark Templar  
  135  10:40  Probe, Photon Cannon  
  138  10:44  Pylon  
  138  10:47  Dark Templar x2  
  138  10:58  Dark Templar x3  
  132  11:05  Dark Templar  
  121  11:11  Probe (Chrono Boost)  
  121  11:12  Probe x2 (Chrono Boost)  
  121  11:13  Probe (Chrono Boost)  
  121  11:18  Photon Cannon  
  123  11:20  Shield Battery  
  123  11:21  Probe (Chrono Boost)  
  123  11:22  Probe x2 (Chrono Boost)  
  123  11:23  Pylon  
  123  11:25  Stalker x3  
  128  11:29  Probe (Chrono Boost)  
  128  11:32  Probe x2 (Chrono Boost)  
  136  11:33  Probe (Chrono Boost)  
  136  11:39  Observer  
  138  11:40  Observer  
  138  11:41  Probe (Chrono Boost)  
  138  11:42  Photon Cannon  
  138  11:44  Shield Battery  
  138  11:46  Assimilator  
  139  11:50  Assimilator  
  137  11:59  Disruptor (Chrono Boost)  
  121  12:07  Disruptor (Chrono Boost)  
  116  12:10  Stalker x7  
  122  12:16  Probe x2  
  124  12:24  Gateway  
  124  12:28  Gateway x2  
  124  12:36  Stalker  
  126  12:38  Stalker x6  
  138  12:45  Gateway  
  136  12:56  Protoss Shields Level 1 (Chrono Boost)  
  136  13:02  Stargate, Dark Templar x3  
  142  13:11  Zealot x3  
  142  13:12  Zealot  
  146  13:27  Zealot x3  
  139  13:41  Archon  
  125  13:42  Stalker x2  
  125  13:43  Stalker x5  
  128  13:57  Dark Templar x3  
  134  14:05  Zealot  
  134  14:06  Zealot x6  
  134  14:08  Colossus (Chrono Boost)  
  154  14:11  Colossus (Chrono Boost)  
  151  14:20  Nexus  
  141  14:24  Pylon  
  141  14:27  Dark Templar x2  
  139  14:38  Dark Templar x4  
  145  14:45  Zealot x3  
  151  14:47  Observer  
  151  14:51  Probe, Photon Cannon  
  151  15:01  Protoss Shields Level 2  
  149  15:18  Photon Cannon  
  149  15:21  Probe x2  
  150  15:22  Photon Cannon  
  150  15:23  Photon Cannon  
  150  15:25  Pylon  
  150  15:26  Pylon  
  150  15:27  Shield Battery  
  151  15:33  Extended Thermal Lance (Chrono Boost)  
  151  15:41  Disruptor x2  
  130  15:53  Stalker x7  
  130  15:54  Stalker x2  
  132  16:07  Archon  
  132  16:08  Archon  
  126  16:17  Observer  
  95  16:21  Dark Templar x9  
  95  16:22  Zealot  
  111  16:28  Assimilator  
  111  16:30  Assimilator  
  109  16:48  Stalker  
  111  16:56  Zealot x9  
  101  17:11  Observer, Stalker  
  94  17:16  Dark Templar  
  94  17:17  Dark Templar x5  
  94  17:21  Probe  
  96  17:28  Stalker  
  96  17:29  Stalker x2  
  84  17:37  Observer  
  84  17:40  Dark Templar  
  77  17:51  Stalker x4  
Show
View Real Time Build Order
Export as new Build Order

SKillous Protoss - Winner!

Build Orders:  

Get SALT Encoding   

  12  0:00  Probe  
  13  0:12  Probe  
  14  0:17  Pylon  
  14  0:24  Probe (Chrono Boost)  
  15  0:36  Probe (Chrono Boost)  
  15  0:39  Gateway  
  16  0:45  Probe (Chrono Boost)  
  16  0:46  Assimilator  
  17  0:50  Probe  
  17  0:56  Assimilator  
  18  1:03  Probe (Chrono Boost)  
  19  1:07  Gateway  
  19  1:13  Probe (Chrono Boost)  
  19  1:18  Probe (Chrono Boost)  
  21  1:27  Cybernetics Core  
  21  1:29  Probe  
  22  1:35  Pylon  
  22  1:41  Probe  
  23  1:53  Probe  
  24  2:03  Warp Gate, Stalker x2  
  28  2:13  Pylon  
  28  2:33  Sentry x2  
  32  2:42  Nexus  
  32  2:44  Probe  
  32  2:52  Shield Battery  
  32  2:56  Probe  
  33  3:07  Robotics Facility  
  33  3:08  Probe  
  33  3:09  Sentry  
  36  3:17  Pylon  
  36  3:20  Probe  
  37  3:32  Probe  
  38  3:40  Shield Battery  
  38  3:44  Probe (Chrono Boost)  
  39  3:54  Probe (Chrono Boost)  
  39  3:55  Observer  
  41  3:56  Probe (Chrono Boost)  
  41  3:59  Forge  
  43  4:03  Probe (Chrono Boost)  
  43  4:04  Probe (Chrono Boost)  
  43  4:08  Probe (Chrono Boost)  
  44  4:10  Probe (Chrono Boost)  
  44  4:15  Adept x2  
  50  4:20  Probe (Chrono Boost)  
  50  4:23  Probe (Chrono Boost)  
  52  4:27  Twilight Council, Probe (Chrono Boost)  
  52  4:28  Probe (Chrono Boost)  
  54  4:34  Immortal  
  54  4:36  Protoss Ground Weapons Level 1 (Chrono Boost)  
  58  4:40  Probe  
  58  4:43  Probe  
  60  4:45  Pylon  
  60  4:47  Assimilator  
  60  4:53  Probe  
  60  4:55  Probe  
  60  4:57  Assimilator  
  62  5:05  Probe  
  59  5:07  Probe  
  59  5:08  Blink (Chrono Boost)  
  59  5:13  Immortal, Pylon  
  64  5:21  Gateway  
  64  5:25  Gateway  
  64  5:30  Gateway  
  64  5:32  Probe  
  64  5:33  Probe  
  66  5:39  Sentry  
  66  5:40  Sentry  
  70  5:52  Warp Prism  
  72  5:58  Nexus  
  72  6:02  Pylon  
  72  6:06  Stalker  
  72  6:09  Stalker  
  72  6:10  Probe  
  77  6:23  Stalker x2  
  77  6:25  Pylon  
  81  6:26  Photon Cannon  
  81  6:27  Probe  
  82  6:33  Probe  
  82  6:35  Protoss Ground Weapons Level 2 (Chrono Boost)  
  82  6:39  Probe  
  84  6:44  Observer  
  84  6:45  Probe  
  85  6:51  Probe  
  85  6:52  Stalker x3  
  92  6:55  Pylon  
  92  7:01  Probe  
  92  7:03  Probe  
  94  7:13  Probe (Chrono Boost)  
  96  7:15  Probe (Chrono Boost)  
  96  7:19  Photon Cannon, Probe (Chrono Boost)  
  97  7:24  Gateway  
  97  7:25  Gateway  
  97  7:26  Probe (Chrono Boost)  
  97  7:27  Probe (Chrono Boost), Gateway, Photon Cannon  
  100  7:31  Probe (Chrono Boost), Charge  
  100  7:35  Probe  
  101  7:37  Stalker x2  
  101  7:43  Shield Battery  
  105  7:46  Stalker x2  
  109  7:54  Stalker  
  111  7:59  Pylon  
  111  8:08  Nexus  
  111  8:09  Pylon  
  111  8:17  Stalker x5  
  111  8:19  Probe  
  122  8:21  Probe x2  
  124  8:29  Pylon, Stalker x2  
  124  8:30  Stalker  
  124  8:33  Pylon, Probe  
  131  8:35  Probe  
  131  8:37  Probe  
  133  8:49  Protoss Ground Weapons Level 3 (Chrono Boost)  
  129  8:59  Warp Prism (Chrono Boost)  
  121  9:04  Probe x2  
  121  9:05  Stalker x4  
  121  9:08  Stalker  
  121  9:09  Probe  
  134  9:12  Photon Cannon  
  125  9:33  Stalker x8  
  125  9:43  Robotics Bay  
  121  9:47  Shield Battery  
  121  9:48  Pylon  
  121  9:49  Shield Battery  
  121  9:56  Stalker x3  
  121  9:57  Stalker x3  
  121  9:58  Stalker  
  135  10:01  Stalker  
  137  10:08  Shield Battery  
  137  10:10  Shield Battery  
  137  10:23  Zealot x7  
  137  10:24  Zealot  
  137  10:25  Observer (Chrono Boost)  
  154  10:28  Assimilator  
  154  10:29  Probe x4  
  154  10:32  Assimilator  
  158  10:40  Disruptor (Chrono Boost), Pylon  
  161  10:43  Zealot x5  
  171  10:50  Pylon  
  169  10:59  Probe x2  
  169  11:00  Robotics Facility  
  165  11:07  Disruptor (Chrono Boost)  
  165  11:10  Stalker x6  
  165  11:11  Stalker  
  156  11:16  Nexus  
  156  11:28  Photon Cannon  
  156  11:30  Pylon  
  156  11:33  Pylon, Photon Cannon  
  156  11:34  Stalker, Photon Cannon  
  156  11:35  Stalker x2  
  156  11:37  Observer (Chrono Boost), Photon Cannon  
  162  11:41  Stalker  
  164  11:52  Zealot x4  
  173  11:57  Disruptor (Chrono Boost)  
  161  12:06  Protoss Shields Level 1 (Chrono Boost)  
  137  12:09  Stalker x4  
  137  12:10  Observer (Chrono Boost)  
  137  12:11  Probe x3  
  137  12:13  Gravitic Boosters  
  149  12:17  Zealot x2  
  149  12:18  Zealot x2  
  149  12:19  Probe  
  149  12:20  Assimilator  
  158  12:23  Probe  
  158  12:25  Assimilator  
  159  12:35  Nexus  
  159  12:38  Zealot x7, Pylon  
  159  12:43  Dark Shrine  
  173  12:48  Disruptor (Chrono Boost)  
  173  12:49  Pylon  
  173  12:50  Disruptor (Chrono Boost)  
  177  13:05  Photon Cannon  
  177  13:07  Photon Cannon  
  177  13:08  Photon Cannon  
  177  13:14  Disruptor (Chrono Boost), Zealot x5  
  177  13:15  Disruptor  
  177  13:19  Shield Battery  
  193  13:26  Stalker  
  193  13:27  Stalker  
  172  13:44  Stalker x6  
  177  13:49  Disruptor (Chrono Boost)  
  177  13:55  Shadow Stride (Chrono Boost)  
  173  13:56  Assimilator  
  173  13:57  Photon Cannon  
  173  13:58  Assimilator  
  173  14:02  Photon Cannon  
  173  14:03  Disruptor (Chrono Boost)  
  173  14:06  Dark Templar x2  
  173  14:07  Dark Templar x2  
  181  14:13  Disruptor (Chrono Boost)  
  181  14:14  Dark Templar  
  176  14:26  Disruptor (Chrono Boost)  
  132  14:41  Stalker x3  
  132  14:42  Stalker x4  
  142  14:47  Pylon  
  143  14:53  Disruptor (Chrono Boost)  
  143  14:59  Disruptor (Chrono Boost)  
  144  15:03  Protoss Shields Level 2 (Chrono Boost)  
  144  15:05  Stalker x8  
  151  15:24  Photon Cannon  
  151  15:28  Stalker x6  
  164  15:32  Observer (Chrono Boost)  
  165  15:39  Observer (Chrono Boost)  
  165  15:45  Observer (Chrono Boost)  
  155  15:55  Zealot x8  
  169  16:07  Nexus  
  166  16:15  Observer  
  166  16:18  Pylon  
  151  16:20  Stalker x6  
  151  16:21  Stalker x2  
  167  16:30  Stargate  
  167  16:32  Photon Cannon  
  167  16:33  Photon Cannon  
  167  16:44  Observer  
  167  16:45  Stalker x5  
  167  16:46  Stalker  
  137  17:15  Stalker x8  
  131  17:27  Fleet Beacon  
  131  17:29  Unknown  
  120  17:31  Unknown  
  120  17:32  Photon Cannon x2  
  120  17:34  Observer x2, Photon Cannon  
  118  17:50  Stalker x6  
  128  17:55  Pylon  
  120  18:00  Stalker x2  

Tags
 
Add a new tag
Caveats
  • Supply blocks, unpowered buildings, or Contaminate may cause inaccurate times.
  • Supply counts are checked every 10 seconds.